 Dungeon Crawl Stone Soup version 0.31-a0-876-gfe8ebadbca (webtiles) character file.

Game seed: 8020895766120207210

5665 BinkBink the Grappler (level 10, -6/102 HPs)
             Began as a Troll Berserker on Oct 13, 2023.
             Was a High Priest of Trog.
             Mangled by a gnoll sergeant
             ... wielding a +4 heavy spear
              (9 damage)
             ... on level 9 of the Dungeon.
             The game lasted 00:11:46 (7875 turns).

BinkBink the Grappler (Troll Berserker)             Turns: 7875, Time: 00:11:50

Health: -6/102     AC:  4    Str: 31    XL:     10   Next: 47%
Magic:  9/9        EV: 11    Int:  3    God:    Trog [*****.]
Gold:   476        SH:  0    Dex:  9    Spells: 9/9 levels left

rFire   . .          .
                       - Unarmed
rCold   . . .        (no shield)
rNeg    . . .        a - +0 animal skin
rPois   .            (helmet restricted)
rElec   .            (no cloak)
rCorr   .            (gloves unavailable)
SInv    .            (boots unavailable)
Will    .....        (no amulet)
Stlth   +            (no ring)
HPRegen 1.17/turn    (no ring)
MPRegen 0.11/turn

%: no passive effects
@: mighty, lethally poisoned (-6 -> -10)
A: large, unfitting armour, claws 3, regeneration 1, shaggy fur 1, tough skin 1,
evolution 1
a: Renounce Religion, Berserk, Trog's Hand, Brothers in Arms


You were on level 9 of the Dungeon.
You worshipped Trog.
Trog was extremely pleased with you.
You visited 1 branch of the dungeon, and saw 10 of its levels.

You collected 476 gold pieces.

Inventory:

Armour
 a - a +0 animal skin (worn)
Jewellery
 h - a ring of flight
 l - a ring of fire
 t - a ring of fire
Wands
 s - a wand of roots (7)
 w - a wand of charming (3)
Scrolls
 c - 2 scrolls of immolation {unknown}
 d - a scroll of fog {unknown}
 f - 2 scrolls of identify {unknown}
 i - a scroll of poison {unknown}
 n - 3 scrolls of enchant weapon {unknown}
 p - 3 scrolls of teleportation {unknown}
 u - a scroll of revelation {unknown}
 x - a scroll of vulnerability {unknown}
 y - a scroll of noise {unknown}
 B - 2 scrolls of amnesia {unknown}
Potions
 b - a potion of cancellation {unknown}
 e - a potion of lignification {unknown}
 g - a potion of degeneration {unknown}
 j - a potion of mutation
 k - a potion of resistance {unknown}
 m - a potion of haste
 o - a potion of heal wounds {unknown}
 q - a potion of curing {unknown}
 r - a potion of ambrosia {unknown}
 v - a potion of might
 z - 2 potions of magic {unknown}
 A - a potion of berserk rage {unknown}


   Skills:
 + Level 7.0 Fighting
 + Level 7.1 Dodging
 * Level 11.6 Unarmed Combat


You had 9 spell levels left.
You didn't know any spells.
Your spell library was empty.

Dungeon Overview and Level Annotations

Branches:
Dungeon (10/15)            Temple (0/1) D:7            Lair (0/5) D:10
    Orc: D:9-12

Altars:
Ashenzari
Cheibriados
Dithmenos
Elyvilon
Fedhas
Gozag
Hepliaklqana
Kikubaaqudgha
Makhleb
Nemelex Xobeh
Okawaru
Ru
Sif Muna
Trog
Uskayaw
Vehumet
Wu Jian
Xom
Yredelemnul
Zin
The Shining One

Shops:
D:3 *=[   D:6 *

Annotations:
D:6 Jeremiah
D:10 Erolcha


Innate Abilities, Weirdness & Mutations

You are too large for most types of armour.
You have claws for hands.
Your natural rate of healing is unusually fast.
You are covered in fur. (AC +1)
You have tough skin. (AC +1)
You have hidden genetic potential.


Message History

The water moccasin bites you but does no damage.
You feel very sick.
The water moccasin attacks as it pursues you!
The water moccasin barely misses you.
You feel sick.
The water moccasin attacks as it pursues you!
The water moccasin bites you.
* * * LOW HITPOINT WARNING * * *
You feel sick. The water moccasin bites you!
* * * LOW HITPOINT WARNING * * *
You feel sick.
There is a stone staircase leading up, spattered with blood here.
You feel sick.
The water moccasin completely misses you.
The water moccasin closely misses you.
You climb upwards.
You feel sick.
The gnoll sergeant hits you from afar with a +4 heavy spear!
* * * LOW HITPOINT WARNING * * *
There is a stone staircase leading down, spattered with blood here.
You feel sick.
There is an open door here.
You feel sick.
You feel sick.
You are no longer poisoned.
The water moccasin bites you.
* * * LOW HITPOINT WARNING * * *
You are lethally poisoned!
The water moccasin poisons you!
It was a potion of mutation.
You feel extremely strange.
You feel a hidden potential growing inside you.
* * * LOW HITPOINT WARNING * * *
You feel very sick. The water moccasin closely misses you.
It was a potion of might.
You feel very mighty all of a sudden.
* * * LOW HITPOINT WARNING * * *
You feel very sick. The water moccasin barely misses you.
The gnoll sergeant hits you from afar with a +4 heavy spear!
You die...

.........#####.......
#...........#.......
#.......###.'.......
#.......# ###.......
######.## #.......
#.# #....... #.#
#....... #####.#
###+#### ##.@...#
###+### #.S#####
......g#####g#######
.......).#.g.......#
......)#.'.........#
.......###.........+
....... #.........#
....... ###########
.......


You could see a water moccasin, a gnoll sergeant and a gnoll.

Vanquished Creatures
  2 two-headed ogres
  A hornet (D:10)
  Grinder (D:4)
  Eustachio (D:6)
  A wyvern (D:7)
  Menkaure (D:6)
  4 water moccasins
  3 ice beasts
  A sky beast (D:7)
  3 black bears
  3 ogres
  2 centaurs
  2 phantoms
  2 kobold brigands
  3 bullfrogs (D:8)
  A gnoll sergeant (D:6)
  A scorpion (D:4)
  8 wights
  6 killer bees (D:9)
  An electric eel (D:9)
  A crimson imp (D:3)
  A gnoll bouda (D:5)
  2 orc priests (D:5)
  5 hounds
  A jelly (D:5)
  4 iguanas
  A sleepcap (D:6)
  4 orc wizards
  7 adders
  16 gnolls
  2 shadow imps
  An ufetubus (D:6)
  A worm (D:4)
  3 dart slugs
  31 orcs
  9 endoplasms
  3 giant cockroaches
  5 goblins
  6 hobgoblins
  7 jackals
  11 kobolds
  6 quokkas
  8 ball pythons
  8 bats
  6 frilled lizards
  7 rats
203 creatures vanquished.

Notes
Turn   | Place    | Note
-------+----------+-------------------------------------------
     0 | D:1      | BinkBink the Troll Berserker began the quest for the Orb.
     0 | D:1      | Reached XP level 1. HP: 22/22 MP: 0/0
   147 | D:1      | Reached XP level 2. HP: 29/29 MP: 1/1
   359 | D:1      | Found a faded altar of an unknown god.
   571 | D:1      | Reached ** piety under Trog
   651 | D:1      | Reached XP level 3. HP: 36/36 MP: 2/2
   928 | D:2      | Reached skill level 4 in Unarmed Combat
  1017 | D:2      | Reached XP level 4. HP: 44/44 MP: 3/3
  1315 | D:3      | Found a glowing silver altar of Zin.
  1404 | D:3      | Found a hide-covered altar of Uskayaw.
  1428 | D:3      | Reached *** piety under Trog
  1475 | D:3      | Found Icloa's Antique Armour Emporium.
  1614 | D:3      | Found Causs's Assorted Antiques.
  1619 | D:3      | Reached XP level 5. HP: 53/53 MP: 4/4
  1643 | D:3      | Found Moda's Jewellery Shoppe.
  1689 | D:3      | Found a sacrificial altar of Ru.
  1901 | D:3      | Found a burning altar of Makhleb.
  1901 | D:3      | Found a shimmering altar of Xom.
  2000 | D:3      | Found a snail-covered altar of Cheibriados.
  2056 | D:3      | Found a sparkling altar of Nemelex Xobeh.
  2056 | D:3      | Found a basalt altar of Yredelemnul.
  2230 | D:4      | Reached skill level 5 in Unarmed Combat
  2230 | D:4      | Reached XP level 6. HP: 45/61 MP: 5/5
  2332 | D:4      | Found a blossoming altar of Fedhas.
  2552 | D:4      | Found a shadowy altar of Dithmenos.
  2733 | D:4      | Found a glowing golden altar of the Shining One.
  2744 | D:4      | Noticed Grinder
  2749 | D:4      | Paralysed by Grinder for 5 turns
  2757 | D:4      | Paralysed by Grinder for 2 turns
  2763 | D:4      | Killed Grinder
  2764 | D:4      | Reached skill level 6 in Unarmed Combat
  2764 | D:4      | Reached XP level 7. HP: 23/70 MP: 6/6
  3134 | D:5      | Entered Level 5 of the Dungeon
  3291 | D:5      | Found an iron altar of Okawaru.
  3572 | D:5      | Reached skill level 7 in Unarmed Combat
  3581 | D:5      | Reached **** piety under Trog
  3582 | D:5      | Reached XP level 8. HP: 13/79 MP: 7/7
  3795 | D:5      | Found a bloodstained altar of Trog.
  4071 | D:5      | Found an ornate altar of the Wu Jian Council.
  4230 | D:6      | Reached skill level 5 in Fighting
  4230 | D:6      | Reached skill level 5 in Dodging
  4230 | D:6      | Reached skill level 8 in Unarmed Combat
  4236 | D:6      | Found a shimmering blue altar of Sif Muna.
  4306 | D:6      | HP: 1/78 [gnoll/+0 spear[a gnoll sergeant] (8)]
  4556 | D:6      | Reached XP level 9. HP: 88/88 MP: 8/8
  4589 | D:6      | Reached skill level 9 in Unarmed Combat
  4622 | D:6      | Noticed Menkaure
  4764 | D:6      | Found a broken altar of Ashenzari.
  4764 | D:6      | Found a white marble altar of Elyvilon.
  4778 | D:6      | Noticed Eustachio
  4784 | D:6      | Killed Eustachio
  4858 | D:6      | Identified the +6 dagger of Misery {heavy, *Corrode Will+
                  | Dex+4}
  4906 | D:6      | Killed Menkaure
  5250 | D:6      | Noticed Jeremiah
  5308 | D:6      | Found Faimuc's Hallowed Reliquary.
  5308 | D:6      | Noticed an angel
  5689 | D:7      | Found an ancient bone altar of Kikubaaqudgha.
  5733 | D:7      | Found an opulent altar of Gozag.
  5793 | D:7      | Found a staircase to the Ecumenical Temple.
  5818 | D:7      | Noticed a two-headed ogre
  5828 | D:7      | Killed a two-headed ogre
  5829 | D:7      | Reached skill level 10 in Unarmed Combat
  6059 | D:7      | Found a radiant altar of Vehumet.
  6380 | D:8      | Reached XP level 10. HP: 94/100 MP: 9/9
  6460 | D:8      | Found a hazy altar of Hepliaklqana.
  7329 | D:9      | Noticed a two-headed ogre
  7337 | D:9      | Killed a two-headed ogre
  7338 | D:9      | Reached skill level 11 in Unarmed Combat
  7434 | D:9      | Reached ***** piety under Trog
  7628 | D:10     | Entered Level 10 of the Dungeon
  7684 | D:10     | Paralysed by a hornet for 3 turns
  7838 | D:10     | Found a staircase to the Lair.
  7838 | D:10     | Noticed Erolcha
  7874 | D:9      | Gained mutation: You have hidden genetic potential. [potion
                  | of mutation]
  7874 | D:9      | HP: 5/102 [poisoned by a water moccasin]
  7875 | D:9      | Mangled by a gnoll sergeant

Illustrated notes

Levels and vault maps discovered:
D:1:      lightli_arrival_windingriver, layout_basic,
          dreamdust_ecumenical_altar_statues
D:2:      layout_rooms
D:3:      layout_basic, grunt_temple_overflow_champion_of_chaos,
          mainiacjoe_overflow_small_starburst, kennysheep_slug_shrine,
          mainiacjoe_overflow_cross_hatched, gammafunk_temple_overflow_wave,
          lemuel_crystal_altar, serial_shops, nicolae_shop_advertising_works
          [nicolae_subvault_shop_adworks], shop, shop, grunt_decor_mini_mirrors,
          nicolae_twisty_statue_hallways
D:4:      layout_loops_ring, mainiacjoe_overflow_surrounded_room,
          mainiacjoe_overflow_catch_the_wave, serial_bayou_pond_e, uniq_grinder
D:5:      layout_loops_corners, nzn_wu_jian_contemplation, trog_ov_bears_minmay,
          general_overflow_altar
D:6:      layout_gridville, chequers_temple_overflow_statue_of_worship,
          mainiacjoe_overflow_paths, nicolae_good_shop, uniq_menkaure,
          uniq_eustachio, uniq_jeremiah
D:7:      layout_gridville, fiery_altar_vehumet, nicolae_gozag_seed_capital,
          lemuel_crystal_altar, minmay_temple_entry_wispy
D:8:      layout_basic, nicolae_hepliaklqana_hazy_memory
D:9:      layout_roguey, nicolae_hexahallways, hive_lemuel
D:10:     layout_loops_cross, minmay_lair_entry_grove, uniq_maggie, uniq_erolcha

Skill      XL: |  1  2  3  4  5  6  7  8  9 10 |
---------------+-------------------------------+-----
Unarmed Combat | 4 5 6 7 8 10 11 | 11.6
Dodging        | 3 4 5 6 7 |  7.1
Fighting       | 3 4 5 6 7 |  7.0

Action                     |  1- 3 |  4- 6 |  7- 9 | 10-12 || total
---------------------------+-------+-------+-------+-------++-------
  Melee: Unarmed           |    91 |   129 |   246 |   109 ||   575
         Punch             |     5 |       |     8 |     5 ||    18
 Invoke: Trog's Hand       |       |       |     1 |       ||     1
    Use: Potion            |       |       |     1 |     2 ||     3
   Stab: Sleeping          |     1 |     1 |       |       ||     2
 Armour: Animal skin       |    71 |    65 |   172 |   100 ||   408
  Dodge: Dodged            |    44 |    51 |   136 |    76 ||   307

Table legend: (Time is in decaauts)
 A = Elapsed time spent in this place.
 B = Non-inter-level travel time spent in this place.
 C = Inter-level travel time spent in this place.
 D = Time resting spent in this place.
 E = Time spent auto-exploring this place.
 F = Levels seen in this place.
 G = Mean time per level.
                   A        B        C        D        E       F      G
               +--------+--------+--------+--------+--------+-----+--------+
         Total |   7792 |   7370 |    422 |    758 |   5376 |  10 |  779.2 |
       Dungeon |   7792 |   7370 |    422 |    758 |   5376 |  10 |  779.2 |
               +--------+--------+--------+--------+--------+-----+--------+

Top non-repeatable levels by time:
     D:5: 1220 daAuts
     D:6: 1166 daAuts
     D:4: 977 daAuts
     D:1: 887 daAuts
     D:3: 843 daAuts
     D:8: 747 daAuts
     D:7: 724 daAuts
     D:9: 569 daAuts
     D:2: 416 daAuts
    D:10: 240 daAuts
